 Dungeon Crawl Stone Soup version 0.31.0-11-ge490571c62 (webtiles) character file.

Game seed: 3567646863616879304

581 qw the Shooter (level 7, -4/35 HPs)
             Began as a Spriggan Hunter on Feb 3, 2024.
             Slain by a burial acolyte
             ... wielding a +0 dagger
              (6 damage)
             ... in an ossuary.
             The game lasted 00:00:34 (1803 turns).

qw the Shooter (Spriggan Hunter)                    Turns: 1803, Time: 00:00:34

Health: -4/35      AC:  2    Str:  7    XL:     7   Next: 14%
Magic:  8/8        EV: 22    Int: 10    God:
Gold:   82         SH:  0    Dex: 21    Spells: 6/6 levels left

rFire   . . .        a - +2 shortbow
rCold   . . .        (shield currently unavailable)
rNeg    . . .        c - +0 robe
rPois   .            (helmet restricted)
rElec   .            (no cloak)
rCorr   .            (gloves unavailable)
SInv    +            (boots unavailable)
Will    +....        (no amulet)
Stlth   ++           (no ring)
HPRegen 0.25/turn    (no ring)
MPRegen 0.11/turn

%: no passive effects
@: very quick
A: very small, no large weapons, unfitting armour, see invisible, speed 3
a: no special abilities


You were in an ossuary.
You visited 1 branch of the dungeon, and saw 3 of its levels.
You also visited: Ossuary.

You collected 82 gold pieces.


Innate Abilities, Weirdness & Mutations

You are very small and have problems with some larger weapons.
You are too small for most types of armour.
You have supernaturally acute eyesight. (SInv)
You cover ground extremely quickly. (Speed+++)


   Skills:
 - Level 2.7 Fighting
 + Level 6.9 Ranged Weapons
 - Level 6.2 Dodging
 - Level 1.5 Stealth


You had 6 spell levels left.
You didn't know any spells.
Your spell library was empty.

Inventory:

Hand Weapons
 a - a +2 shortbow (weapon)
Armour
 c - a +0 robe (worn)
Jewellery
 h - a ring of ice
Potions
 b - a potion of enlightenment {unknown}
 d - 2 potions of curing

Dungeon Overview and Level Annotations

Branches:
Dungeon (4/15)            Ossuary (1/1)
 Temple: D:4-7

Altars:
Hepliaklqana

Annotations:
D:4 2 transporters, qw's ghost, amateur DEHu


Message History

The burial acolyte utters a dark prayer and points at you.
Your life force is offered up.
You shoot an arrow. The arrow misses the burial acolyte.
The arrow hits the orc zombie!
You destroy the orc zombie!
The burial acolyte closely misses you.
You shoot an arrow. The arrow misses the burial acolyte.
The burial acolyte hits you with a +0 dagger.
You shoot an arrow.
The arrow barely misses the burial acolyte.
The burial acolyte hits you but does no damage.
You shoot an arrow.
The arrow closely misses the burial acolyte.
The burial acolyte hits you with a +0 dagger.
You shoot an arrow. The arrow hits the burial acolyte.
The burial acolyte is moderately wounded.
The burial acolyte closely misses you.
You shoot an arrow.
The arrow barely misses the burial acolyte.
The burial acolyte closely misses you.
You shoot an arrow. The arrow hits the burial acolyte.
The burial acolyte is moderately wounded.
The burial acolyte misses you.
You shoot an arrow.
The arrow barely misses the burial acolyte.
The burial acolyte barely misses you.
You shoot an arrow.
The arrow closely misses the burial acolyte.
The burial acolyte barely misses you.
You shoot an arrow.
The arrow hits the burial acolyte but does no damage.
The burial acolyte is moderately wounded.
The burial acolyte hits you with a +0 dagger.
You shoot an arrow. The arrow hits the burial acolyte!
The burial acolyte is almost dead.
The burial acolyte closely misses you.
You shoot an arrow. The arrow hits the burial acolyte.
The burial acolyte is almost dead.
The burial acolyte hits you with a +0 dagger.
You die...

###################
#\..#...#....#...#.
#...'...'....'...'.
#...#...#....#...#.
#'#################
#...# #. #...# #.
#...# #. #.@.# #.
##p## ## ... #.
#...# #. #...# #.
#...# #. #+### #'
#. ### #####.


You could see a burial acolyte.

Vanquished Creatures
  An ogre (D:4)
  A phantom (D:4)
  5 water moccasin zombies (Ossuary)
  A sleepcap (D:4)
  A bullfrog simulacrum (Ossuary)
  A crocodile zombie (Ossuary)
  2 adders (D:2)
  A gnoll (D:1)
  An adder zombie (Ossuary)
  A dart slug (D:1)
  4 ball pythons
  5 endoplasms
  6 gnoll zombies (Ossuary)
  9 goblins
  5 hobgoblins
  7 kobolds
  2 quokkas
  2 bats (D:1)
  A frilled lizard (D:2)
  4 jackal zombies (Ossuary)
  4 orc zombies (Ossuary)
  2 rats (D:1)
66 creatures vanquished.

Vanquished Creatures (others)
  A gnoll zombie (Ossuary)
1 creature vanquished.

Grand Total: 67 creatures vanquished

Notes
Turn   | Place    | Note
-------+----------+-------------------------------------------
     0 | D:1      | qw the Spriggan Hunter began the quest for the Orb.
     0 | D:1      | Reached XP level 1. HP: 10/10 MP: 2/2
     0 | D:1      | 0 ||| qw: Version: 0.3-a-155-g5e7d8dd
     0 | D:1      | 0 ||| qw: Game counter: 3542
     0 | D:1      | 0 ||| qw: Melee chars always use a shield: true
     0 | D:1      | 0 ||| qw: God list: Okawaru
     0 | D:1      | 0 ||| qw: Allow faded altars: false
     0 | D:1      | 0 ||| qw: Do Orc after clearing Dungeon:15 true
     0 | D:1      | 0 ||| qw: Do second Lair branch before Depths: true
     0 | D:1      | 0 ||| qw: Lair rune preference: random
     0 | D:1      | 0 ||| qw: Goals: Normal
     0 | D:1      | 0 ||| PLANNING D:1-11
    56 | D:1      | Reached skill level 3 in Dodging
   154 | D:1      | Reached XP level 2. HP: 14/14 MP: 3/3
   437 | D:1      | Reached XP level 3. HP: 16/18 MP: 4/4
   661 | D:1      | 661 ||| READING 4 scrolls labelled KUSCHUIB MAAGRE.
   662 | D:1      | 662 ||| READING scroll labelled WAKEL AMEI.
   662 | D:1      | 662 ||| ENCHANTING +0 shortbow.
   663 | D:1      | 663 ||| READING scroll labelled GAIFFAK FUPNAI.
   663 | D:1      | 663 ||| IDENTIFYING bubbling coppery potion
   664 | D:1      | 664 ||| DRINKING 2 red potions.
   665 | D:1      | 665 ||| DROPPING scroll of butterflies.
   666 | D:1      | 666 ||| DROPPING potion of attraction.
   667 | D:1      | 667 ||| DROPPING 3 scrolls of amnesia.
   755 | D:2      | HP: 4/18 [poisoned by an adder]
   973 | D:2      | You fall into a shaft and drop 2 floors!
   985 | D:4      | 985 ||| PLANNING OSSUARY
  1028 | D:4      | Found a transporter.
  1032 | D:4      | Noticed qw's ghost (amateur DEHu)
  1070 | D:4      | Reached XP level 4. HP: 22/22 MP: 5/5
  1097 | D:4      | Noticed an ogre
  1107 | D:4      | Killed an ogre
  1108 | D:4      | Reached skill level 6 in Dodging
  1108 | D:4      | Reached XP level 5. HP: 25/25 MP: 6/6
  1158 | D:4      | Noticed a phantom
  1164 | D:4      | Found a hazy altar of Hepliaklqana.
  1170 | D:4      | Killed a phantom
  1199 | D:4      | Found a transporter.
  1263 | D:4      | Found a sand-covered staircase.
  1264 | D:4      | 1264 ||| READING scroll labelled VETTYDAIDU.
  1365 | D:4      | 1365 ||| READING scroll labelled DIGRIL TUAMN.
  1368 | D:4      | 1368 ||| READING 2 scrolls labelled XOGELIYTYGG.
  1368 | D:4      | 1368 ||| ENCHANTING +0 shortbow.
  1369 | D:4      | 1369 ||| READING scroll of enchant weapon.
  1369 | D:4      | 1369 ||| ENCHANTING +1 shortbow.
  1370 | D:4      | 1370 ||| READING scroll labelled TULLEO ISUIHY.
  1378 | Ossuary  | Entered an ossuary
  1416 | Ossuary  | Reached XP level 6. HP: 30/32 MP: 7/7
  1457 | Ossuary  | 1457 ||| RETREEEEATING.
  1463 | Ossuary  | HP: 5/32 [water moccasin zombie (4)]
  1470 | Ossuary  | HP: 5/32 [gnoll zombie (1)]
  1596 | Ossuary  | Reached skill level 6 in Ranged Weapons
  1688 | Ossuary  | Reached XP level 7. HP: 14/35 MP: 8/8
  1791 | Ossuary  | HP: 8/35 [burial acolyte/a malign offering (8)]
  1793 | Ossuary  | HP: 3/35 [burial acolyte/+0 dagger (5)]
  1795 | Ossuary  | HP: 1/35 [burial acolyte/+0 dagger (3)]
  1801 | Ossuary  | HP: 1/35 [burial acolyte/+0 dagger (1)]
  1803 | Ossuary  | Slain by a burial acolyte

Levels and vault maps discovered:
D:1:      spicycebolla_green_bress_n_ham, layout_loops_ring, glass_columns_a,
          minmay_misc_feat_chi
D:2:      layout_basic, hangedman_abyss_or_decor_stabs, minmay_tromino_v7
D:4:      layout_basic, mainiacjoe_overflow_catwalk,
          lightli_ossuary_entry_decrepit_ruins, gammafunk_ghost_stat_death
Ossuary:  ossuary_tomb_2

Skill      XL: |  1  2  3  4  5  6 |
---------------+-------------------+-----
Dodging        | 3 4 6 |  6.2
Ranged Weapons | 5 6 |  6.9
Fighting       | 2 |  2.7
Stealth        | |  1.5

Action                     |  1- 3 |  4- 6 |  7- 9 || total
---------------------------+-------+-------+-------++-------
   Fire: Shortbow          |   103 |   115 |    25 ||   243
    Use: Scroll            |     3 |     5 |       ||     8
         Potion            |     1 |       |       ||     1
 Armour: Robe              |    10 |    26 |     8 ||    44
  Dodge: Dodged            |    41 |    67 |    14 ||   122

Table legend:
 A = Non-vault XP
 B = Vault XP
 C = Vault XP percentage of total XP
 D = Non-vault monster count
 E = Vault monster count
 F = Vault count percentage of total count
                 A         B        C        D         E       F
            +---------+---------+-------+---------+---------+-------
      Total |     365 |     466 |  56.1 |      41 |      26 |  38.8
            +---------+---------+-------+---------+---------+-------
        D:1 |      53 |       0 |   0.0 |      23 |       0 |   0.0
        D:2 |      35 |       6 |  14.6 |       8 |       3 |  27.3
        D:4 |     277 |       0 |   0.0 |      10 |       0 |   0.0
    Ossuary |       0 |     460 | 100.0 |       0 |      23 | 100.0
            +---------+---------+-------+---------+---------+-------
